Kings vs Blue Jackets
Created - den 8 februari 2015 at 17:30
Goals
|
| Kings |
2 |
0 |
0 |
1 |
3 |
| Blue Jackets |
0 |
0 |
2 |
0 |
2 |
|
Shots
|
| Kings |
8 |
6 |
8 |
2 |
24 |
| Blue Jackets |
4 |
8 |
14 |
2 |
28 |
|
1st period
1. Kings , Jonathan Huberdeau 6 (Dave Bolland, Andrej Meszaros) at 2:07
2. Kings , Andrej Meszaros 8 (Dany Heatley, Seth Jones) at 14:12 (PP)
Penalties :
Steve Downie (CLB) for Roughing (Minor) at 2:34, Dave Bolland (LAK) for Holding Stick (Minor) at 3:41, Jimmy Hayes (CLB) for Interference (Minor) at 12:37, Barret Jackman (CLB) for Goalie Interference (Minor) at 14:41
2nd period
No Goal
Penalties :
Jimmy Hayes (CLB) for Hooking (Minor) at 0:19
3rd period
3. Blue Jackets , Dainius Zubrus 14 (Danny DeKeyser, Barret Jackman) at 2:16
4. Blue Jackets , Steve Downie 5 (Tyler Johnson, Ray Whitney) at 14:41
Penalties :
No Penalty
Overtime #1
5. Kings , Seth Jones 3 (Martin Havlat, Andrej Meszaros) at 4:49
Penalties :
No Penalty
Goalie Stats
James Reimer (LAK), 26 saves from 28 shots - (0,929), W, 9-29-9, 64:50 minutes
Eddie Lack (CLB), 21 saves from 24 shots - (0,875), OTL, 19-14-4, 64:50 minutes
Players Stats for Kings
Player Name G A P +/- PIM S H SB GA TA FO MP PP MP PK MP
------------------------------------------------------------------------------------
Andrej Meszaros 1 2 3 1 0 2 4 0 0 0 0/0 21:34 3:35 0:22
Brandon Bollig 0 0 0 -1 0 0 0 0 0 0 0/0 13:27 0:00 0:35
Cam Fowler 0 0 0 0 0 1 0 0 0 0 0/0 26:39 3:05 0:45
Chris Thorburn 0 0 0 0 0 0 2 0 0 0 0/1 9:10 0:00 0:16
Dany Heatley 0 1 1 0 0 0 1 0 0 0 0/2 22:06 3:22 0:32
Dave Bolland 0 1 1 1 2 3 2 0 0 0 9/22 19:45 3:17 0:00
Elias Lindholm 0 0 0 0 0 0 0 0 0 0 3/7 8:54 0:00 0:00
Erik Gudbranson 0 0 0 -1 0 0 4 1 0 0 0/0 16:37 0:00 0:00
Jonathan Huberdeau 1 0 1 0 0 5 1 0 0 0 0/4 18:10 3:18 0:00
Kyle Brodziak 0 0 0 0 0 2 4 0 0 0 15/36 21:59 3:22 0:25
Mark Scheifele 0 0 0 -1 0 1 0 0 0 0 6/17 14:02 0:00 0:00
Martin Havlat 0 1 1 1 0 1 0 0 0 0 0/4 20:08 3:22 0:26
Robyn Regehr 0 0 0 0 0 4 4 1 0 0 0/0 26:06 3:05 0:45
Seth Jones 1 1 2 1 0 2 0 0 0 0 0/0 21:32 3:35 0:22
Steve Bernier 0 0 0 0 0 0 1 0 0 0 0/0 9:05 0:00 0:00
Tyler Kennedy 0 0 0 -1 0 2 0 0 0 0 0/0 13:27 0:00 0:00
Yannick Weber 0 0 0 -1 0 0 0 4 0 0 0/0 16:34 0:00 0:00
Zack Kassian 0 0 0 0 0 1 5 0 0 0 0/1 18:05 3:18 0:00
Players Stats for Blue Jackets
Player Name G A P +/- PIM S H SB GA TA FO MP PP MP PK MP
------------------------------------------------------------------------------------
Anton Stralman 0 0 0 1 0 1 2 1 0 0 0/0 22:23 0:11 3:32
Barret Jackman 0 1 1 1 2 0 2 1 0 0 0/0 14:46 0:00 0:00
Brad Stuart 0 0 0 0 0 2 1 2 0 0 0/0 16:15 0:00 0:18
Dainius Zubrus 1 0 1 0 0 3 0 0 0 0 20/25 26:16 0:11 3:08
Danny DeKeyser 0 1 1 -1 0 0 0 3 0 0 0/0 25:36 0:56 2:50
Dustin Brown 0 0 0 -2 0 7 3 0 0 0 1/2 19:23 0:00 0:00
Henrik Tallinder 0 0 0 -1 0 2 0 1 0 0 0/0 22:55 0:56 3:08
J.T. Brown 0 0 0 1 0 2 0 0 0 0 0/0 10:17 0:00 0:00
Jimmy Hayes 0 0 0 -1 4 0 0 0 0 0 2/5 16:57 0:56 0:00
Matt Nieto 0 0 0 0 0 0 0 0 0 0 0/1 10:11 0:00 0:00
Nick Schultz 0 0 0 -1 0 0 0 1 0 0 0/0 5:21 0:00 0:00
Patrice Bergeron 0 0 0 -1 0 1 2 0 0 0 21/31 23:32 0:56 3:20
Ray Whitney 0 1 1 1 0 1 0 0 0 0 0/1 15:01 0:11 0:00
Ryan Jones 0 0 0 1 0 0 0 0 0 0 0/0 10:46 0:00 0:29
Steve Downie 1 0 1 1 2 2 1 0 0 0 1/1 15:45 0:56 0:00
Travis Zajac 0 0 0 0 0 2 0 0 0 0 8/13 13:31 0:00 3:20
Tyler Johnson 0 1 1 1 0 5 1 0 0 0 8/15 20:26 0:11 3:03
Willie Mitchell 0 0 0 1 0 0 1 2 0 0 0/0 22:23 0:11 3:32
3 Stars
1 - Andrej Meszaros (LAK)
2 - Seth Jones (LAK)
3 - Jonathan Huberdeau (LAK)
Power Play
Kings - 1 on 4 Attempt(s) - 25,00%
Blue Jackets - 0 on 1 Attempt(s) - 0,00%
Penalty Kill
Kings - 1 on 1 Attempt(s) - 100,00%
- Score 0 goal in Penalty Kill
Blue Jackets - 3 on 4 Attempt(s) - 75,00%
- Score 0 goal in Penalty Kill
Team Stat
Kings - Hits : 28 - Faceoff Wins : 33 - Blocked Shots : 6 - Penalty Minutes : 2
Blue Jackets - Hits : 13 - Faceoff Wins : 61 - Blocked Shots : 11 - Penalty Minutes : 8
Official
Referees : Mark Lemelin and Brad Watson
Linesman : Jim Scarpace and Derek Sylvester
Game Notes
No Game Note
Finance
Level 1 -- Attendance: 5676 (93,90%) -- Ticket Income 482.460 kr
Level 2 -- Attendance: 5038 (100,00%) -- Ticket Income 226.710 kr
Level 3 -- Attendance: 1905 (94,54%) -- Ticket Income 47.625 kr
Level 4 -- Attendance: 3813 (94,62%) -- Ticket Income 57.195 kr
Luxury Box -- Attendance: 1008 (100,00%) -- Ticket Income 161.280 kr
Game was played at the Nationwide Arena'
Total Attendance: 17440 (96,16%)
Total Ticket Income: 975.270 kr
Other Income: 477.882 kr
Total Income: 1.453.152 kr
Kings
5 vs 5 Forward
Center Left Wing Right Wing Time % Phy DF OF
1 Kyle Brodziak Dany Heatley Martin Havlat 40 1 2 2
2 Dave Bolland Jonathan Huberdeau Zack Kassian 30 1 2 2
3 Mark Scheifele Brandon Bollig Tyler Kennedy 20 1 2 2
4 Elias Lindholm Chris Thorburn Steve Bernier 10 1 2 2
5 vs 5 Defense
Defense Defense Time % Phy DF OF
1 Cam Fowler Robyn Regehr 40 1 2 2
2 Andrej Meszaros Seth Jones 30 1 2 2
3 Erik Gudbranson Yannick Weber 20 1 2 2
4 Cam Fowler Robyn Regehr 10 1 2 2
PowerPlay Forward
Center Left Wing Right Wing Time % Phy DF OF
1 Kyle Brodziak Dany Heatley Martin Havlat 60 1 2 2
2 Dave Bolland Jonathan Huberdeau Zack Kassian 40 1 2 2
PowerPlay Defense
Defense Defense Time % Phy DF OF
1 Cam Fowler Robyn Regehr 60 1 2 2
2 Andrej Meszaros Seth Jones 40 1 2 2
Penalty Kill 4 Players Forward
Center Wing Time % Phy DF OF
1 Kyle Brodziak Dany Heatley 60 1 2 2
2 Martin Havlat Dave Bolland 40 1 2 2
Penalty Kill 4 Players Defense
Defense Defense Time % Phy DF OF
1 Cam Fowler Robyn Regehr 60 1 2 2
2 Andrej Meszaros Seth Jones 40 1 2 2
Penalty Kill - 3 Players Forward
Forward Time % Phy DF OF
1 Kyle Brodziak 60 1 2 2
2 Dany Heatley 40 1 2 2
Penalty Kill - 3 Players Defense
Defense Defense Time % Phy DF OF
1 Cam Fowler Robyn Regehr 60 1 2 2
2 Andrej Meszaros Seth Jones 40 1 2 2
4 vs 4 Forward
Center Wing Time % Phy DF OF
1 Kyle Brodziak Dany Heatley 60 1 2 2
2 Martin Havlat Dave Bolland 40 1 2 2
4 vs 4 Defense
Defense Defense Time % Phy DF OF
1 Cam Fowler Robyn Regehr 60 1 2 2
2 Andrej Meszaros Seth Jones 40 1 2 2
Last Minutes Offensive
Center Left Wing Right Wing Defense Defense
Kyle Brodziak Dany Heatley Martin Havlat Cam Fowler Robyn Regehr
Last Minutes Defensive
Center Left Wing Right Wing Defense Defense
Kyle Brodziak Dany Heatley Martin Havlat Cam Fowler Robyn Regehr
Goaltenders
Starting : James Reimer
Backup : Jake Allen
Extra Forwards
Normal : Mark Scheifele, Tyler Kennedy, Brandon Bollig - PP : Mark Scheifele, Tyler Kennedy - PK : Brandon Bollig
Extra Defensemen
Normal : Erik Gudbranson, Cam Fowler, Andrej Meszaros - PP : Erik Gudbranson - PK : Robyn Regehr, Andrej Meszaros
Penalty Shots
Kyle Brodziak, Dany Heatley, Martin Havlat, Dave Bolland, Mark Scheifele
Blue Jackets
5 vs 5 Forward
Center Left Wing Right Wing Time % Phy DF OF
1 Patrice Bergeron Dustin Brown Jimmy Hayes 30 0 2 3
2 Tyler Johnson Ray Whitney Steve Downie 28 0 2 3
3 Travis Zajac Matt Nieto Dainius Zubrus 22 3 1 1
4 Dainius Zubrus Ryan Jones J.T. Brown 20 1 3 1
5 vs 5 Defense
Defense Defense Time % Phy DF OF
1 Willie Mitchell Anton Stralman 30 1 2 2
2 Danny DeKeyser Barret Jackman 30 1 2 2
3 Brad Stuart Henrik Tallinder 30 1 2 2
4 Nick Schultz Danny DeKeyser 10 1 2 2
PowerPlay Forward
Center Left Wing Right Wing Time % Phy DF OF
1 Patrice Bergeron Dustin Brown Jimmy Hayes 50 0 1 4
2 Tyler Johnson Ray Whitney Dainius Zubrus 50 0 1 4
PowerPlay Defense
Defense Defense Time % Phy DF OF
1 Willie Mitchell Anton Stralman 50 0 2 3
2 Danny DeKeyser Henrik Tallinder 50 0 2 3
Penalty Kill 4 Players Forward
Center Wing Time % Phy DF OF
1 Patrice Bergeron Tyler Johnson 50 0 4 1
2 Dainius Zubrus Travis Zajac 50 0 4 1
Penalty Kill 4 Players Defense
Defense Defense Time % Phy DF OF
1 Willie Mitchell Anton Stralman 50 0 4 1
2 Henrik Tallinder Danny DeKeyser 50 0 4 1
Penalty Kill - 3 Players Forward
Forward Time % Phy DF OF
1 Patrice Bergeron 50 0 4 1
2 Dainius Zubrus 50 0 5 0
Penalty Kill - 3 Players Defense
Defense Defense Time % Phy DF OF
1 Nick Schultz Danny DeKeyser 50 0 5 0
2 Henrik Tallinder Willie Mitchell 50 0 5 0
4 vs 4 Forward
Center Wing Time % Phy DF OF
1 Patrice Bergeron Tyler Johnson 50 0 2 3
2 Dainius Zubrus Dustin Brown 50 0 2 3
4 vs 4 Defense
Defense Defense Time % Phy DF OF
1 Willie Mitchell Anton Stralman 50 0 3 2
2 Danny DeKeyser Henrik Tallinder 50 0 3 2
Last Minutes Offensive
Center Left Wing Right Wing Defense Defense
Patrice Bergeron Dustin Brown Dainius Zubrus Danny DeKeyser Willie Mitchell
Last Minutes Defensive
Center Left Wing Right Wing Defense Defense
Patrice Bergeron Dustin Brown Dainius Zubrus Danny DeKeyser Willie Mitchell
Goaltenders
Starting : Eddie Lack
Backup : Jhonas Enroth
Extra Forwards
Normal : Dainius Zubrus, Jimmy Hayes, Ryan Jones - PP : Dainius Zubrus, Jimmy Hayes - PK : Ryan Jones
Extra Defensemen
Normal : Henrik Tallinder, Nick Schultz, Danny DeKeyser - PP : Henrik Tallinder - PK : Willie Mitchell, Danny DeKeyser
Penalty Shots
Patrice Bergeron, Tyler Johnson, Dainius Zubrus, Dustin Brown, Ray Whitney
% Time on Ice - Kings
Lines # - Real PCT - Wanted PCT - Time Play
Normal Forward
1 - 29% - 40% - 14:48
2 - 29% - 30% - 14:52
3 - 25% - 20% - 12:47
4 - 17% - 10% - 8:54
Normal Defense
1 - 36% - 40% - 18:18
2 - 29% - 30% - 14:47
3 - 32% - 20% - 16:34
4 - 3% - 10% - 1:42
PP Forward
1 - 51% - 60% - 3:22
2 - 50% - 40% - 3:18
PP Defense
1 - 46% - 60% - 3:05
2 - 54% - 40% - 3:35
PK Forward
1 - 61% - 60% - 0:41
2 - 39% - 40% - 0:26
PK Defense
1 - 67% - 60% - 0:45
2 - 33% - 40% - 0:22
PK3 Forward
1 - 0% - 60%
2 - 0% - 40%
PK3 Defense
1 - 0% - 60%
2 - 0% - 40%
44 Forward
1 - 70% - 60% - 3:59
2 - 30% - 40% - 1:43
44 Defense
1 - 49% - 60% - 2:49
2 - 51% - 40% - 2:53
Last Minute Offensive - 0:00
Last Minute Defensive - 0:00
Total
Forward - 64:50
Defense - 64:50
|
% Time on Ice - Blue Jackets
Lines # - Real PCT - Wanted PCT - Time Play
Normal Forward
1 - 31% - 30% - 16:03
2 - 29% - 28% - 14:50
3 - 20% - 22% - 10:11
4 - 20% - 20% - 10:17
Normal Defense
1 - 31% - 30% - 15:52
2 - 29% - 30% - 14:47
3 - 31% - 30% - 15:57
4 - 9% - 10% - 4:45
PP Forward
1 - 84% - 50% - 0:56
2 - 16% - 50% - 0:11
PP Defense
1 - 16% - 50% - 0:11
2 - 84% - 50% - 0:56
PK Forward
1 - 50% - 50% - 3:20
2 - 50% - 50% - 3:20
PK Defense
1 - 53% - 50% - 3:32
2 - 47% - 50% - 3:08
PK3 Forward
1 - 0% - 50%
2 - 0% - 50%
PK3 Defense
1 - 0% - 50%
2 - 0% - 50%
44 Forward
1 - 42% - 50% - 2:22
2 - 58% - 50% - 3:20
44 Defense
1 - 49% - 50% - 2:48
2 - 51% - 50% - 2:54
Last Minute Offensive - 0:00
Last Minute Defensive - 0:00
Total
Forward - 64:50
Defense - 64:50
|
Play by Play
1st period
0:01 of 1st period - Patrice Bergeron wins face-off versus Kyle Brodziak in neutral zone.
0:01 of 1st period - Anton Stralman is hit by Kyle Brodziak and loses puck.
0:09 of 1st period - Icing by Anton Stralman.
0:10 of 1st period - Jimmy Hayes wins face-off versus Dave Bolland in Blue Jackets zone.
0:10 of 1st period - Patrice Bergeron is hit by Zack Kassian.
0:24 of 1st period - Shot by Dustin Brown.
0:24 of 1st period - Stopped by James Reimer without a rebound.
0:25 of 1st period - Tyler Johnson wins face-off versus Mark Scheifele in Kings zone.
0:59 of 1st period - Shot by Tyler Johnson.
0:59 of 1st period - Stopped by James Reimer without a rebound.
1:00 of 1st period - Travis Zajac wins face-off versus Kyle Brodziak in Kings zone.
1:26 of 1st period - Martin Havlat is hit by Brad Stuart.
1:29 of 1st period - Icing by Dainius Zubrus.
1:30 of 1st period - Dave Bolland wins face-off versus Matt Nieto in Blue Jackets zone.
1:48 of 1st period - Icing by Dave Bolland.
1:49 of 1st period - Patrice Bergeron wins face-off versus Dave Bolland in Kings zone.
2:05 of 1st period - Shot by Dave Bolland.
2:05 of 1st period - Shot Blocked by Danny DeKeyser.
2:07 of 1st period - Shot by Jonathan Huberdeau.
2:07 of 1st period - Goal by Jonathan Huberdeau - Kings : 1 - Blue Jackets : 0.
2:08 of 1st period - Elias Lindholm wins face-off versus Tyler Johnson in neutral zone.
2:29 of 1st period - Shot by Tyler Johnson.
2:29 of 1st period - Shot Blocked by Robyn Regehr.
2:34 of 1st period - Minor Penalty to Steve Downie for Roughing.
2:35 of 1st period - Dainius Zubrus wins face-off versus Kyle Brodziak in Blue Jackets zone.
2:35 of 1st period - Dainius Zubrus is hit by Kyle Brodziak.
2:42 of 1st period - Icing by Kyle Brodziak.
2:43 of 1st period - Dainius Zubrus wins face-off versus Martin Havlat in Kings zone.
3:08 of 1st period - Off-side.
3:09 of 1st period - Dave Bolland wins face-off versus Patrice Bergeron in neutral zone.
3:18 of 1st period - Shot by Robyn Regehr.
3:18 of 1st period - Stopped by Eddie Lack without a rebound.
3:19 of 1st period - Dave Bolland wins face-off versus Travis Zajac in Blue Jackets zone.
3:38 of 1st period - Shot by Cam Fowler.
3:38 of 1st period - Shot Misses the Net.
3:41 of 1st period - Minor Penalty to Dave Bolland for Holding Stick.
3:42 of 1st period - Kyle Brodziak wins face-off versus Patrice Bergeron in Kings zone.
3:44 of 1st period - Icing by Seth Jones.
3:45 of 1st period - Kyle Brodziak wins face-off versus Dainius Zubrus in Kings zone.
4:19 of 1st period - Kyle Brodziak is hit by Anton Stralman and loses puck.
4:29 of 1st period - Icing by Anton Stralman.
4:30 of 1st period - Dainius Zubrus wins face-off versus Martin Havlat in Blue Jackets zone.
4:46 of 1st period - Icing by Jimmy Hayes.
4:47 of 1st period - Steve Downie wins face-off versus Kyle Brodziak in Blue Jackets zone.
5:54 of 1st period - Barret Jackman is hit by Zack Kassian and loses puck.
6:07 of 1st period - Shot by Jonathan Huberdeau.
6:07 of 1st period - Stopped by Eddie Lack with a rebound.
6:09 of 1st period - Shot by Erik Gudbranson.
6:09 of 1st period - Shot Blocked by Nick Schultz.
6:11 of 1st period - Shot by Dave Bolland.
6:11 of 1st period - Stopped by Eddie Lack without a rebound.
6:12 of 1st period - Tyler Johnson wins face-off versus Elias Lindholm in Blue Jackets zone.
6:12 of 1st period - Ray Whitney is hit by Chris Thorburn and loses puck.
6:32 of 1st period - Ray Whitney is hit by Robyn Regehr and loses puck.
6:40 of 1st period - Steve Downie is hit by Robyn Regehr and loses puck.
7:05 of 1st period - Shot by Dustin Brown.
7:05 of 1st period - Stopped by James Reimer with a rebound.
7:51 of 1st period - Shot by Ryan Jones.
7:51 of 1st period - Shot Misses the Net.
7:53 of 1st period - Shot by Ryan Jones.
7:53 of 1st period - Shot Misses the Net.
8:34 of 1st period - Icing by Martin Havlat.
8:35 of 1st period - Kyle Brodziak wins face-off versus Travis Zajac in Kings zone.
8:56 of 1st period - Shot by Zack Kassian.
8:56 of 1st period - Shot Misses the Net.
9:06 of 1st period - Shot by Jonathan Huberdeau.
9:06 of 1st period - Stopped by Eddie Lack without a rebound.
9:07 of 1st period - Mark Scheifele wins face-off versus Tyler Johnson in Blue Jackets zone.
9:12 of 1st period - Shot by Tyler Kennedy.
9:12 of 1st period - Shot Misses the Net.
9:14 of 1st period - Shot by Mark Scheifele.
9:14 of 1st period - Shot Misses the Net.
9:16 of 1st period - Shot by Tyler Kennedy.
9:16 of 1st period - Stopped by Eddie Lack without a rebound.
9:17 of 1st period - Elias Lindholm wins face-off versus Patrice Bergeron in Blue Jackets zone.
9:23 of 1st period - Off-side.
9:24 of 1st period - Dave Bolland wins face-off versus Tyler Johnson in neutral zone.
10:08 of 1st period - Barret Jackman is hit by Dave Bolland and loses puck.
10:33 of 1st period - Shot by Dustin Brown.
10:33 of 1st period - Stopped by James Reimer without a rebound.
10:34 of 1st period - Travis Zajac wins face-off versus Kyle Brodziak in Kings zone.
11:36 of 1st period - Icing by Ray Whitney.
11:37 of 1st period - Mark Scheifele wins face-off versus Tyler Johnson in Blue Jackets zone.
11:59 of 1st period - Icing by Brad Stuart.
12:00 of 1st period - Dave Bolland wins face-off versus Tyler Johnson in Blue Jackets zone.
12:03 of 1st period - Shot by Zack Kassian.
12:03 of 1st period - Shot Blocked by Brad Stuart.
12:05 of 1st period - Shot by Robyn Regehr.
12:05 of 1st period - Stopped by Eddie Lack with a rebound.
12:37 of 1st period - Minor Penalty to Jimmy Hayes for Interference.
12:38 of 1st period - Kyle Brodziak wins face-off versus Dainius Zubrus in Blue Jackets zone.
13:23 of 1st period - Shot by Jonathan Huberdeau.
13:23 of 1st period - Shot Misses the Net.
13:25 of 1st period - Shot by Robyn Regehr.
13:25 of 1st period - Shot Misses the Net.
13:50 of 1st period - Tyler Johnson is hit by Kyle Brodziak and loses puck.
14:04 of 1st period - Shot by Dany Heatley.
14:04 of 1st period - Shot Blocked by Willie Mitchell.
14:10 of 1st period - Shot by Andrej Meszaros.
14:10 of 1st period - Shot Misses the Net.
14:12 of 1st period - Shot by Andrej Meszaros.
14:12 of 1st period - Goal by Andrej Meszaros - Kings : 2 - Blue Jackets : 0.
14:13 of 1st period - Mark Scheifele wins face-off versus Dainius Zubrus in neutral zone.
14:41 of 1st period - Minor Penalty to Barret Jackman for Goalie Interference.
14:42 of 1st period - Dainius Zubrus wins face-off versus Jonathan Huberdeau in Blue Jackets zone.
14:50 of 1st period - Icing by Cam Fowler.
14:51 of 1st period - Dainius Zubrus wins face-off versus Dave Bolland in Kings zone.
14:57 of 1st period - Icing by Robyn Regehr.
14:58 of 1st period - Dainius Zubrus wins face-off versus Dave Bolland in Kings zone.
15:21 of 1st period - Shot by Jonathan Huberdeau.
15:21 of 1st period - Shot Misses the Net.
15:39 of 1st period - Willie Mitchell is hit by Dany Heatley and loses puck.
16:45 of 1st period - Icing by Yannick Weber.
16:46 of 1st period - Patrice Bergeron wins face-off versus Mark Scheifele in Kings zone.
16:47 of 1st period - Shot by Dustin Brown.
16:47 of 1st period - Shot Blocked by Erik Gudbranson.
17:02 of 1st period - Icing by Barret Jackman.
17:03 of 1st period - Elias Lindholm wins face-off versus Patrice Bergeron in Blue Jackets zone.
17:03 of 1st period - Elias Lindholm is hit by Barret Jackman.
18:04 of 1st period - Tyler Johnson is hit by Erik Gudbranson and loses puck.
18:11 of 1st period - Shot by Ray Whitney.
18:11 of 1st period - Shot Misses the Net.
19:07 of 1st period - Matt Nieto is hit by Erik Gudbranson and loses puck.
19:29 of 1st period - Off-side.
19:30 of 1st period - Dave Bolland wins face-off versus Jimmy Hayes in neutral zone.
19:32 of 1st period - Zack Kassian is hit by Willie Mitchell and loses puck.
19:51 of 1st period - Cam Fowler is hit by Dustin Brown and loses puck.
19:57 of 1st period - Cam Fowler is hit by Dustin Brown and loses puck.
Goals for this period are 2 for Kings vs 0 for Blue Jackets.
Shots for this period are 8 for Kings vs 4 for Blue Jackets.
2nd period
0:01 of 2nd period - Patrice Bergeron wins face-off versus Kyle Brodziak in neutral zone.
0:19 of 2nd period - Minor Penalty to Jimmy Hayes for Hooking.
0:20 of 2nd period - Dainius Zubrus wins face-off versus Dave Bolland in Blue Jackets zone.
0:20 of 2nd period - Dainius Zubrus is hit by Zack Kassian.
0:47 of 2nd period - Shot by Jonathan Huberdeau.
0:47 of 2nd period - Stopped by Eddie Lack without a rebound.
0:48 of 2nd period - Travis Zajac wins face-off versus Martin Havlat in Blue Jackets zone.
1:22 of 2nd period - Shot by Robyn Regehr.
1:22 of 2nd period - Stopped by Eddie Lack without a rebound.
1:23 of 2nd period - Tyler Johnson wins face-off versus Dave Bolland in Blue Jackets zone.
2:35 of 2nd period - Ray Whitney is hit by Steve Bernier.
2:39 of 2nd period - Shot by Ray Whitney.
2:39 of 2nd period - Shot Blocked by Yannick Weber.
2:49 of 2nd period - Shot by Steve Bernier.
2:49 of 2nd period - Shot Hit the Post.
3:07 of 2nd period - Shot by Mark Scheifele.
3:07 of 2nd period - Deflect By Brandon Bollig.
3:07 of 2nd period - Shot Blocked by Henrik Tallinder.
3:09 of 2nd period - Shot by Robyn Regehr.
3:09 of 2nd period - Stopped by Eddie Lack without a rebound.
3:10 of 2nd period - Kyle Brodziak wins face-off versus Dustin Brown in Blue Jackets zone.
3:18 of 2nd period - Icing by Barret Jackman.
3:19 of 2nd period - Patrice Bergeron wins face-off versus Dave Bolland in Blue Jackets zone.
3:19 of 2nd period - Dustin Brown is hit by Zack Kassian and loses puck.
3:39 of 2nd period - Zack Kassian is hit by Barret Jackman.
3:43 of 2nd period - Shot by Jonathan Huberdeau.
3:43 of 2nd period - Shot Misses the Net.
4:06 of 2nd period - Off-side.
4:07 of 2nd period - Dainius Zubrus wins face-off versus Kyle Brodziak in neutral zone.
4:07 of 2nd period - Anton Stralman is hit by Kyle Brodziak and loses puck.
4:17 of 2nd period - Icing by Kyle Brodziak.
4:18 of 2nd period - Travis Zajac wins face-off versus Kyle Brodziak in Kings zone.
4:34 of 2nd period - Dainius Zubrus is hit by Andrej Meszaros and loses puck.
4:52 of 2nd period - Shot by Travis Zajac.
4:52 of 2nd period - Stopped by James Reimer with a rebound.
5:12 of 2nd period - Shot by Ray Whitney.
5:12 of 2nd period - Stopped by James Reimer without a rebound.
5:13 of 2nd period - Dustin Brown wins face-off versus Mark Scheifele in Kings zone.
5:25 of 2nd period - Icing by Patrice Bergeron.
5:26 of 2nd period - Patrice Bergeron wins face-off versus Dave Bolland in Blue Jackets zone.
6:40 of 2nd period - Shot by Dainius Zubrus.
6:40 of 2nd period - Shot Blocked by Yannick Weber.
6:42 of 2nd period - Shot by Henrik Tallinder.
6:42 of 2nd period - Shot Misses the Net.
7:09 of 2nd period - Shot by Ray Whitney.
7:09 of 2nd period - Deflect By Tyler Johnson.
7:09 of 2nd period - Stopped by James Reimer with a rebound.
7:11 of 2nd period - Shot by Willie Mitchell.
7:11 of 2nd period - Shot Blocked by Yannick Weber.
7:13 of 2nd period - Shot by Tyler Johnson.
7:13 of 2nd period - Shot Misses the Net.
8:31 of 2nd period - Icing by Robyn Regehr.
8:32 of 2nd period - Kyle Brodziak wins face-off versus Patrice Bergeron in Kings zone.
8:32 of 2nd period - Kyle Brodziak is hit by Patrice Bergeron.
8:42 of 2nd period - Icing by J.T. Brown.
8:43 of 2nd period - Dave Bolland wins face-off versus Patrice Bergeron in Blue Jackets zone.
8:53 of 2nd period - Patrice Bergeron is hit by Dave Bolland and loses puck.
9:04 of 2nd period - Shot by Zack Kassian.
9:04 of 2nd period - Shot Misses the Net.
9:42 of 2nd period - Shot by Kyle Brodziak.
9:42 of 2nd period - Shot Blocked by Brad Stuart.
9:44 of 2nd period - Shot by Cam Fowler.
9:44 of 2nd period - Stopped by Eddie Lack without a rebound.
9:45 of 2nd period - Travis Zajac wins face-off versus Chris Thorburn in Blue Jackets zone.
10:58 of 2nd period - Shot by Ray Whitney.
10:58 of 2nd period - Shot Misses the Net.
11:30 of 2nd period - Shot by Jimmy Hayes.
11:30 of 2nd period - Shot Misses the Net.
11:42 of 2nd period - Shot by Patrice Bergeron.
11:42 of 2nd period - Stopped by James Reimer without a rebound.
11:43 of 2nd period - Kyle Brodziak wins face-off versus Dainius Zubrus in Kings zone.
11:53 of 2nd period - Icing by J.T. Brown.
11:54 of 2nd period - Dainius Zubrus wins face-off versus Jonathan Huberdeau in Blue Jackets zone.
12:53 of 2nd period - Shot by Jimmy Hayes.
12:53 of 2nd period - Shot Blocked by Yannick Weber.
12:55 of 2nd period - Shot by Willie Mitchell.
12:55 of 2nd period - Shot Misses the Net.
14:56 of 2nd period - Off-side.
14:57 of 2nd period - Kyle Brodziak wins face-off versus Patrice Bergeron in neutral zone.
15:03 of 2nd period - Dany Heatley is hit by Anton Stralman and loses puck.
15:07 of 2nd period - Icing by Willie Mitchell.
15:08 of 2nd period - Patrice Bergeron wins face-off versus Jonathan Huberdeau in Blue Jackets zone.
15:40 of 2nd period - Off-side.
15:41 of 2nd period - Kyle Brodziak wins face-off versus Travis Zajac in neutral zone.
15:44 of 2nd period - Shot by Kyle Brodziak.
15:44 of 2nd period - Shot Misses the Net.
16:10 of 2nd period - Shot by Kyle Brodziak.
16:10 of 2nd period - Stopped by Eddie Lack without a rebound.
16:11 of 2nd period - Tyler Johnson wins face-off versus Elias Lindholm in Blue Jackets zone.
16:18 of 2nd period - Shot by Tyler Johnson.
16:18 of 2nd period - Shot Misses the Net.
16:20 of 2nd period - Shot by Tyler Johnson.
16:20 of 2nd period - Stopped by James Reimer with a rebound.
16:24 of 2nd period - Shot by Tyler Johnson.
16:24 of 2nd period - Stopped by James Reimer without a rebound.
16:25 of 2nd period - Dainius Zubrus wins face-off versus Mark Scheifele in Kings zone.
17:10 of 2nd period - Shot by Patrice Bergeron.
17:10 of 2nd period - Deflect By Dustin Brown.
17:10 of 2nd period - Stopped by James Reimer without a rebound.
17:11 of 2nd period - Kyle Brodziak wins face-off versus Jimmy Hayes in Kings zone.
17:23 of 2nd period - Shot by Martin Havlat.
17:23 of 2nd period - Shot Misses the Net.
17:25 of 2nd period - Shot by Seth Jones.
17:25 of 2nd period - Shot Blocked by Danny DeKeyser.
18:07 of 2nd period - Shot by Jonathan Huberdeau.
18:07 of 2nd period - Shot Misses the Net.
18:13 of 2nd period - Shot by Jonathan Huberdeau.
18:13 of 2nd period - Shot Blocked by Barret Jackman.
18:15 of 2nd period - Shot by Zack Kassian.
18:15 of 2nd period - Shot Misses the Net.
18:17 of 2nd period - Shot by Dave Bolland.
18:17 of 2nd period - Stopped by Eddie Lack without a rebound.
18:18 of 2nd period - Travis Zajac wins face-off versus Elias Lindholm in Blue Jackets zone.
19:05 of 2nd period - Willie Mitchell is hit by Chris Thorburn and loses puck.
19:28 of 2nd period - Shot by Tyler Johnson.
19:28 of 2nd period - Shot Misses the Net.
19:32 of 2nd period - Shot by Ray Whitney.
19:32 of 2nd period - Shot Misses the Net.
19:45 of 2nd period - Off-side.
19:46 of 2nd period - Dainius Zubrus wins face-off versus Dany Heatley in neutral zone.
19:51 of 2nd period - Shot by J.T. Brown.
19:51 of 2nd period - Shot Misses the Net.
19:57 of 2nd period - Shot by J.T. Brown.
19:57 of 2nd period - Stopped by James Reimer without a rebound.
19:58 of 2nd period - Patrice Bergeron wins face-off versus Mark Scheifele in Kings zone.
Goals for this period are 0 for Kings vs 0 for Blue Jackets.
Shots for this period are 6 for Kings vs 8 for Blue Jackets.
3rd period
0:01 of 3rd period - Kyle Brodziak wins face-off versus Travis Zajac in neutral zone.
0:24 of 3rd period - Shot by Dainius Zubrus.
0:24 of 3rd period - Shot Misses the Net.
0:26 of 3rd period - Shot by Barret Jackman.
0:26 of 3rd period - Shot Misses the Net.
0:34 of 3rd period - Shot by Travis Zajac.
0:34 of 3rd period - Shot Misses the Net.
0:50 of 3rd period - Cam Fowler is hit by Dustin Brown and loses puck.
0:55 of 3rd period - Shot by Patrice Bergeron.
0:55 of 3rd period - Deflect By Dustin Brown.
0:55 of 3rd period - Stopped by James Reimer with a rebound.
0:57 of 3rd period - Shot by Brad Stuart.
0:57 of 3rd period - Stopped by James Reimer without a rebound.
0:58 of 3rd period - Tyler Johnson wins face-off versus Dave Bolland in Kings zone.
0:58 of 3rd period - Tyler Johnson is hit by Andrej Meszaros.
1:13 of 3rd period - Steve Downie is hit by Zack Kassian and loses puck.
1:24 of 3rd period - Shot by Jonathan Huberdeau.
1:24 of 3rd period - Deflect By Zack Kassian.
1:24 of 3rd period - Shot Blocked by Willie Mitchell.
1:26 of 3rd period - Shot by Andrej Meszaros.
1:26 of 3rd period - Stopped by Eddie Lack without a rebound.
1:27 of 3rd period - Patrice Bergeron wins face-off versus Mark Scheifele in Blue Jackets zone.
1:31 of 3rd period - Off-side.
1:32 of 3rd period - Patrice Bergeron wins face-off versus Mark Scheifele in neutral zone.
1:41 of 3rd period - Shot by Dustin Brown.
1:41 of 3rd period - Shot Misses the Net.
1:43 of 3rd period - Shot by Henrik Tallinder.
1:43 of 3rd period - Stopped by James Reimer without a rebound.
1:44 of 3rd period - Dainius Zubrus wins face-off versus Elias Lindholm in Kings zone.
1:44 of 3rd period - Dainius Zubrus is hit by Andrej Meszaros.
1:46 of 3rd period - Shot by J.T. Brown.
1:46 of 3rd period - Stopped by James Reimer without a rebound.
1:47 of 3rd period - Dave Bolland wins face-off versus Dainius Zubrus in Kings zone.
2:16 of 3rd period - Shot by Dainius Zubrus.
2:16 of 3rd period - Goal by Dainius Zubrus - Kings : 2 - Blue Jackets : 1.
2:17 of 3rd period - Patrice Bergeron wins face-off versus Kyle Brodziak in neutral zone.
2:20 of 3rd period - Shot by Henrik Tallinder.
2:20 of 3rd period - Stopped by James Reimer with a rebound.
2:40 of 3rd period - Shot by Kyle Brodziak.
2:40 of 3rd period - Deflect By Martin Havlat.
2:40 of 3rd period - Stopped by Eddie Lack without a rebound.
2:41 of 3rd period - Mark Scheifele wins face-off versus Tyler Johnson in Blue Jackets zone.
2:47 of 3rd period - Shot by Erik Gudbranson.
2:47 of 3rd period - Shot Blocked by Anton Stralman.
2:49 of 3rd period - Shot by Mark Scheifele.
2:49 of 3rd period - Stopped by Eddie Lack without a rebound.
2:50 of 3rd period - Travis Zajac wins face-off versus Zack Kassian in Blue Jackets zone.
3:05 of 3rd period - Shot by Zack Kassian.
3:05 of 3rd period - Stopped by Eddie Lack without a rebound.
3:06 of 3rd period - Patrice Bergeron wins face-off versus Kyle Brodziak in Blue Jackets zone.
3:08 of 3rd period - Icing by Henrik Tallinder.
3:09 of 3rd period - Patrice Bergeron wins face-off versus Kyle Brodziak in Blue Jackets zone.
3:11 of 3rd period - Icing by Dustin Brown.
3:12 of 3rd period - Kyle Brodziak wins face-off versus Patrice Bergeron in Blue Jackets zone.
3:21 of 3rd period - Shot by Dany Heatley.
3:21 of 3rd period - Shot Misses the Net.
3:23 of 3rd period - Shot by Kyle Brodziak.
3:23 of 3rd period - Deflect By Martin Havlat.
3:23 of 3rd period - Shot Misses the Net.
3:29 of 3rd period - Shot by Kyle Brodziak.
3:29 of 3rd period - Stopped by Eddie Lack without a rebound.
3:30 of 3rd period - Dainius Zubrus wins face-off versus Jonathan Huberdeau in Blue Jackets zone.
3:39 of 3rd period - Shot by Dainius Zubrus.
3:39 of 3rd period - Deflect By J.T. Brown.
3:39 of 3rd period - Shot Misses the Net.
3:41 of 3rd period - Shot by Dainius Zubrus.
3:41 of 3rd period - Shot Misses the Net.
3:57 of 3rd period - Shot by Dainius Zubrus.
3:57 of 3rd period - Stopped by James Reimer without a rebound.
3:58 of 3rd period - Tyler Johnson wins face-off versus Kyle Brodziak in Kings zone.
4:01 of 3rd period - Shot by Tyler Johnson.
4:01 of 3rd period - Deflect By Steve Downie.
4:01 of 3rd period - Stopped by James Reimer with a rebound.
4:20 of 3rd period - Tyler Johnson is hit by Robyn Regehr.
4:28 of 3rd period - Shot by Steve Downie.
4:28 of 3rd period - Shot Misses the Net.
4:51 of 3rd period - Icing by Patrice Bergeron.
4:52 of 3rd period - Patrice Bergeron wins face-off versus Dave Bolland in Blue Jackets zone.
4:52 of 3rd period - Patrice Bergeron is hit by Jonathan Huberdeau.
6:45 of 3rd period - Mark Scheifele is hit by Steve Downie and loses puck.
6:49 of 3rd period - Icing by Yannick Weber.
6:50 of 3rd period - Jimmy Hayes wins face-off versus Mark Scheifele in Kings zone.
6:51 of 3rd period - Shot by Patrice Bergeron.
6:51 of 3rd period - Shot Misses the Net.
6:53 of 3rd period - Shot by Brad Stuart.
6:53 of 3rd period - Stopped by James Reimer without a rebound.
6:54 of 3rd period - Dainius Zubrus wins face-off versus Kyle Brodziak in Kings zone.
7:58 of 3rd period - Off-side.
7:59 of 3rd period - Tyler Johnson wins face-off versus Mark Scheifele in neutral zone.
10:30 of 3rd period - Shot by Jonathan Huberdeau.
10:30 of 3rd period - Shot Misses the Net.
10:40 of 3rd period - Shot by Dave Bolland.
10:40 of 3rd period - Shot Hit the Post.
11:14 of 3rd period - Shot by Dustin Brown.
11:14 of 3rd period - Stopped by James Reimer without a rebound.
11:15 of 3rd period - Dainius Zubrus wins face-off versus Kyle Brodziak in Kings zone.
11:16 of 3rd period - Shot by Anton Stralman.
11:16 of 3rd period - Stopped by James Reimer without a rebound.
11:17 of 3rd period - Travis Zajac wins face-off versus Kyle Brodziak in Kings zone.
11:27 of 3rd period - Off-side.
11:28 of 3rd period - Patrice Bergeron wins face-off versus Mark Scheifele in neutral zone.
11:38 of 3rd period - Icing by Seth Jones.
11:39 of 3rd period - Mark Scheifele wins face-off versus Travis Zajac in Kings zone.
12:06 of 3rd period - Shot by Dainius Zubrus.
12:06 of 3rd period - Stopped by James Reimer without a rebound.
12:07 of 3rd period - Kyle Brodziak wins face-off versus Jimmy Hayes in Kings zone.
12:09 of 3rd period - Icing by Martin Havlat.
12:10 of 3rd period - Kyle Brodziak wins face-off versus Patrice Bergeron in Kings zone.
12:12 of 3rd period - Icing by Martin Havlat.
12:13 of 3rd period - Dainius Zubrus wins face-off versus Kyle Brodziak in Kings zone.
12:21 of 3rd period - Icing by Robyn Regehr.
12:22 of 3rd period - Patrice Bergeron wins face-off versus Kyle Brodziak in Kings zone.
12:53 of 3rd period - Patrice Bergeron is hit by Robyn Regehr and loses puck.
13:28 of 3rd period - Shot by Andrej Meszaros.
13:28 of 3rd period - Shot Misses the Net.
14:05 of 3rd period - Off-side.
14:06 of 3rd period - Mark Scheifele wins face-off versus Ray Whitney in neutral zone.
14:09 of 3rd period - Shot by Tyler Kennedy.
14:09 of 3rd period - Stopped by Eddie Lack with a rebound.
14:41 of 3rd period - Shot by Steve Downie.
14:41 of 3rd period - Goal by Steve Downie - Kings : 2 - Blue Jackets : 2.
14:42 of 3rd period - Patrice Bergeron wins face-off versus Kyle Brodziak in neutral zone.
15:46 of 3rd period - Shot by Seth Jones.
15:46 of 3rd period - Shot Misses the Net.
15:48 of 3rd period - Shot by Steve Bernier.
15:48 of 3rd period - Shot Blocked by Danny DeKeyser.
15:50 of 3rd period - Shot by Elias Lindholm.
15:50 of 3rd period - Shot Misses the Net.
15:52 of 3rd period - Shot by Seth Jones.
15:52 of 3rd period - Stopped by Eddie Lack without a rebound.
15:53 of 3rd period - Dave Bolland wins face-off versus Tyler Johnson in Blue Jackets zone.
15:54 of 3rd period - Shot by Jonathan Huberdeau.
15:54 of 3rd period - Stopped by Eddie Lack without a rebound.
15:55 of 3rd period - Tyler Johnson wins face-off versus Dave Bolland in Blue Jackets zone.
16:08 of 3rd period - Icing by Dave Bolland.
16:09 of 3rd period - Dainius Zubrus wins face-off versus Dave Bolland in Kings zone.
16:46 of 3rd period - Dainius Zubrus is hit by Andrej Meszaros and loses puck.
18:34 of 3rd period - Steve Downie is hit by Erik Gudbranson and loses puck.
18:58 of 3rd period - Steve Downie is hit by Erik Gudbranson and loses puck.
19:29 of 3rd period - Shot by Travis Zajac.
19:29 of 3rd period - Stopped by James Reimer without a rebound.
19:30 of 3rd period - Patrice Bergeron wins face-off versus Dave Bolland in Kings zone.
19:52 of 3rd period - Shot by Jonathan Huberdeau.
19:52 of 3rd period - Shot Misses the Net.
Goals for this period are 0 for Kings vs 2 for Blue Jackets.
Shots for this period are 8 for Kings vs 14 for Blue Jackets.
Overtime #1
0:01 of 1st overtime period - Patrice Bergeron wins face-off versus Kyle Brodziak in neutral zone.
0:34 of 1st overtime period - Icing by Patrice Bergeron.
0:35 of 1st overtime period - Patrice Bergeron wins face-off versus Kyle Brodziak in Blue Jackets zone.
0:54 of 1st overtime period - Seth Jones is hit by Patrice Bergeron and loses puck.
1:25 of 1st overtime period - Shot by Martin Havlat.
1:25 of 1st overtime period - Deflect By Dave Bolland.
1:25 of 1st overtime period - Stopped by Eddie Lack without a rebound.
1:26 of 1st overtime period - Dainius Zubrus wins face-off versus Martin Havlat in Blue Jackets zone.
1:48 of 1st overtime period - Shot by Dainius Zubrus.
1:48 of 1st overtime period - Deflect By Dustin Brown.
1:48 of 1st overtime period - Stopped by James Reimer with a rebound.
2:25 of 1st overtime period - Andrej Meszaros is hit by Tyler Johnson and loses puck.
2:40 of 1st overtime period - Shot by Seth Jones.
2:40 of 1st overtime period - Shot Misses the Net.
2:43 of 1st overtime period - Icing by Anton Stralman.
2:44 of 1st overtime period - Dainius Zubrus wins face-off versus Mark Scheifele in Blue Jackets zone.
3:21 of 1st overtime period - Icing by Patrice Bergeron.
3:22 of 1st overtime period - Kyle Brodziak wins face-off versus Patrice Bergeron in Blue Jackets zone.
3:34 of 1st overtime period - Shot by Tyler Johnson.
3:34 of 1st overtime period - Stopped by James Reimer without a rebound.
3:35 of 1st overtime period - Patrice Bergeron wins face-off versus Dany Heatley in Kings zone.
3:54 of 1st overtime period - Icing by Cam Fowler.
3:55 of 1st overtime period - Dainius Zubrus wins face-off versus Kyle Brodziak in Kings zone.
4:49 of 1st overtime period - Shot by Seth Jones.
4:49 of 1st overtime period - Goal by Seth Jones - Kings : 3 - Blue Jackets : 2.
Goals for this period are 1 for Kings vs 0 for Blue Jackets.
Shots for this period are 2 for Kings vs 2 for Blue Jackets.
Output by the SimonT Hockey Simulator (STHS) for Mathias Vaigur -- Original Page W3C XHTML 1.0 Valid